 Dungeon Crawl Stone Soup version 0.19-a0-1589-ge51c82a (webtiles) character file.

203 Amciq the Skirmisher (level 5, 0/47 HPs)
             Began as a Hill Orc Fighter on Sept 16, 2016.
             Was a Follower of Makhleb.
             Slain by an iguana (6 damage)
             ... on level 3 of the Dungeon.
             The game lasted 00:06:52 (1820 turns).

Amciq the Skirmisher (Hill Orc Fighter)             Turns: 1820, Time: 00:06:53

Health: 0/47       AC:  7    Str: 20    XL:     5   Next: 81%
Magic:  6/6        EV:  7    Int:  8    God:    Makhleb [*.....]
Gold:   78         SH:  9    Dex: 10    Spells: 0 memorised, 4 levels left

rFire  . . .     SeeInvis .     a - +0 war axe
rCold  . . .     Gourm    .     b - +0 scale mail
rNeg   . . .     Faith    .     c - +0 shield
rPois  .         Spirit   .     (no helmet)
rElec  .         Dismiss  .     (no cloak)
rCorr  .         Reflect  .     (no gloves)
MR     .....     Harm     .     (no boots)
Stlth  ..........               (no amulet)
                                (no ring)
                                (no ring)

@: no status effects
A: no striking features
a: Renounce Religion


You were on level 3 of the Dungeon.
You worshipped Makhleb.
Makhleb was aware of your devotion.
You were hungry.

You visited 1 branch of the dungeon, and saw 3 of its levels.

You collected 78 gold pieces.

Inventory:

Hand Weapons
 a - a +0 war axe (weapon)
Armour
 b - a +0 scale mail (worn)
 c - a +0 shield (worn)
Jewellery
 m - a +4 ring of slaying {unknown}
Scrolls
 d - a scroll of blinking {unknown}
 e - 3 scrolls of teleportation {unknown}
 i - a scroll of identify
 l - a scroll of remove curse {unknown}
 n - a scroll of immolation {unknown}
Potions
 h - a potion of haste
 j - a potion of might
 k - a potion of curing
Comestibles
 f - a bread ration
 g - 4 chunks of flesh
 o - a beef jerky


   Skills:
 * Level 4.6 Fighting
 * Level 4.6 Axes
 + Level 4.2 Armour
 - Level 0.1 Stealth
 + Level 4.3 Shields
 * Level 1.6 Invocations


You had 4 spell levels left.
You didn't know any spells.

Dungeon Overview and Level Annotations

Branches:
Dungeon (3/15)

Altars:
Ashenzari
Kikubaaqudgha
Makhleb
Okawaru


Message History

The iguana barely misses you. You block the iguana's attack.
You closely miss the iguana.
The iguana is almost dead.
You block the iguana's attack.
You hit the iguana but do no damage.
The iguana is almost dead.
The iguana bites you but does no damage.
Your shield prevents you from hitting the iguana.
The iguana is almost dead.
You block the iguana's attack. The iguana bites you!
* * * LOW HITPOINT WARNING * * *
You are too injured to fight recklessly!
You hit the iguana but do no damage.
The iguana is almost dead.
The iguana bites you.
* * * LOW HITPOINT WARNING * * *
You barely miss the iguana.
The iguana is almost dead.
The iguana bites you.
You die...

##..##..).# .<..#
##..##..♣### #...
##.##..)# #... ##.#♣..##
#.) .#.#.>.# #### ..
...#♣..## #..
...##...#####.# .
....##..♣#..#.######...#
....###.........@l..#
##### ##♣####.#####....(
#..# .## ..... ..?.?..
.......... .....$$...#
..........#


You could see an iguana.

Vanquished Creatures
  An orc priest (D:3)
  Terence (D:2)
  Robin (D:2)
  3 adders (D:2)
  A gnoll (D:2)
  An ooze (D:1)
  A worm (D:3)
  A leopard gecko (D:2)
  11 orcs
  A ball python (D:2)
  3 giant cockroaches (D:1)
  12 hobgoblins
  8 jackals (D:1)
  2 quokkas (D:2)
  4 bats
  5 frilled lizards
  10 goblins
  5 kobolds
  5 rats
76 creatures vanquished.

Notes
Turn   | Place    | Note
-------+----------+-------------------------------------------
     0 | D:1      | Amciq the Hill Orc Fighter began the quest for the Orb.
     0 | D:1      | Reached XP level 1. HP: 19/19 MP: 1/1
   126 | D:1      | Reached XP level 2. HP: 25/27 MP: 2/2
   236 | D:1      | Reached XP level 3. HP: 24/33 MP: 3/3
   952 | D:2      | Reached XP level 4. HP: 35/40 MP: 4/4
  1020 | D:2      | Found an iron altar of Okawaru.
  1144 | D:2      | Noticed Terence
  1154 | D:2      | Killed Terence
  1173 | D:2      | Found a shattered altar of Ashenzari.
  1191 | D:2      | Found a burning altar of Makhleb.
  1192 | D:2      | Found an ancient bone altar of Kikubaaqudgha.
  1205 | D:2      | Became a worshipper of Makhleb the Destroyer
  1459 | D:2      | Reached XP level 5. HP: 47/47 MP: 5/5
  1483 | D:2      | Noticed Robin
  1487 | D:2      | Killed Robin
  1522 | D:2      | Found a faded altar of an unknown god.
  1577 | D:2      | Reached * piety under Makhleb
  1684 | D:3      | Reached skill level 1 in Invocations
  1820 | D:3      | Slain by an iguana

Vault maps used:
D:1:      dpeg_arrival_signposts
D:2:      ashenzari_conservatory_becter, grunt_temple_overflow_open,
          ecumenical_altar_2, okawaru_altar_gauntlet_db, uniq_terence,
          uniq_robin
D:3:      grunt_ministairs_8, grunt_qazlal_sundering

Skill      XL: |  1  2  3  4  5 |
---------------+----------------+-----
Axes           | 3 4 |  4.6
Shields        | 4 |  4.3
Fighting       | 4 |  4.6
Armour         | 4 |  4.2
Invocations    | 1 |  1.6
Stealth        | |  0.1

Action                   |  1- 3 |  4- 6 || total
-------------------------+-------+-------++-------
Melee: War axe           |    83 |   149 ||   232
  Use: Potion            |       |     1 ||     1
       Scroll            |       |     2 ||     2
  Eat: Chunk             |       |     3 ||     3
Armor: Scale mail        |    46 |    66 ||   112
Dodge: Dodged            |    31 |    47 ||    78
Block: Shield            |    43 |    78 ||   121
